Map: Eternal Empire LE

Players

Dear - Winner!

  • Race: Protoss Protoss
  • Spawn Location: 1:00

ShoWTimE

  • Race: Protoss Protoss
  • Spawn Location: 7:00

Event: War Chest Team League

VOD

Have the link to the VOD?

Description

Time

  • Played on: Aug. 9, 2020, 9:09 a.m.
  • Length: 16:29
Show
View Real Time Build Order
Export as new Build Order

Dear Protoss - Winner!

Build Orders: Dark Templar Rush 

Get SALT Encoding   

  12  0:00  Probe  
  13  0:12  Probe  
  14  0:17  Pylon  
  14  0:24  Probe (Chrono Boost)  
  15  0:36  Probe (Chrono Boost)  
  15  0:37  Gateway  
  16  0:44  Probe (Chrono Boost)  
  16  0:46  Assimilator  
  17  0:51  Probe  
  17  0:55  Assimilator  
  18  1:03  Probe (Chrono Boost)  
  19  1:08  Gateway  
  19  1:13  Probe (Chrono Boost)  
  19  1:18  Probe (Chrono Boost)  
  20  1:25  Cybernetics Core  
  21  1:29  Probe  
  22  1:34  Pylon  
  22  1:41  Probe  
  23  1:47  Pylon  
  23  1:53  Probe  
  24  2:00  Warp Gate (Chrono Boost)  
  24  2:01  Stalker  
  26  2:09  Stalker  
  26  2:14  Probe  
  29  2:23  Twilight Council  
  29  2:30  Pylon  
  29  2:47  Sentry  
  31  2:55  Nexus  
  31  3:05  Dark Shrine  
  31  3:06  Probe  
  32  3:14  Shield Battery  
  32  3:18  Probe  
  33  3:30  Probe  
  33  3:33  Twilight Council  
  34  3:39  Forge  
  34  3:43  Probe  
  34  3:47  Sentry  
  37  3:55  Probe  
  38  4:07  Probe (Chrono Boost)  
  38  4:08  Probe (Chrono Boost)  
  40  4:17  Probe x2 (Chrono Boost), Dark Templar  
  42  4:18  Dark Templar  
  42  4:21  Probe (Chrono Boost)  
  42  4:22  Pylon, Probe (Chrono Boost)  
  48  4:33  Probe  
  48  4:34  Probe  
  50  4:40  Pylon  
  50  4:45  Probe  
  51  4:46  Probe  
  51  4:49  Assimilator  
  52  4:55  Phoenix  
  52  4:57  Probe  
  52  4:58  Assimilator, Probe  
  54  5:10  Probe x2  
  56  5:16  Gateway  
  56  5:18  Gateway  
  56  5:20  Protoss Ground Weapons Level 1 (Chrono Boost)  
  56  5:22  Probe  
  56  5:23  Probe  
  56  5:25  Stalker x2  
  62  5:34  Robotics Facility  
  62  5:38  Probe x2  
  62  5:42  Nexus  
  60  5:50  Probe x2  
  60  5:53  Stalker x2  
  60  5:56  Phoenix  
  66  6:00  Pylon  
  66  6:03  Probe  
  66  6:04  Probe  
  68  6:15  Pylon, Probe  
  68  6:16  Probe  
  70  6:20  Sentry, Stalker x3  
  78  6:29  Pylon  
  78  6:35  Twilight Council  
  78  6:36  Gateway  
  78  6:42  Gateway  
  81  6:47  Probe x2 (Chrono Boost), Observer  
  81  6:50  Pylon  
  81  6:56  Probe (Chrono Boost), Phoenix  
  81  6:59  Probe x2 (Chrono Boost)  
  84  7:03  Blink (Chrono Boost)  
  84  7:05  Probe (Chrono Boost)  
  84  7:06  Probe x2 (Chrono Boost)  
  91  7:08  Immortal  
  91  7:09  Gateway  
  91  7:10  Probe (Chrono Boost)  
  91  7:11  Gateway  
  91  7:13  Probe  
  93  7:21  Shield Battery  
  93  7:27  Protoss Ground Weapons Level 2 (Chrono Boost)  
  93  7:28  Stalker x4  
  101  7:31  Probe x3  
  101  7:33  Assimilator  
  104  7:38  Assimilator  
  104  7:41  Pylon  
  104  7:47  Immortal  
  104  7:48  Probe  
  104  7:51  Pylon  
  109  7:53  Pylon  
  109  7:59  Pylon  
  109  8:01  Stalker  
  109  8:02  Stalker x2  
  115  8:06  Photon Cannon, Pylon  
  115  8:19  Adept  
  117  8:20  Adept  
  117  8:21  Stalker x3  
  117  8:26  Stalker x2  
  129  8:27  Stalker  
  129  8:29  Warp Prism (Chrono Boost)  
  133  8:38  Pylon  
  133  8:46  Charge  
  133  8:48  Nexus  
  123  9:02  Stalker  
  123  9:03  Stalker x4  
  123  9:07  Stalker x2  
  137  9:11  Stalker  
  135  9:33  Stalker x3  
  135  9:34  Stalker x4  
  135  9:37  Stalker  
  151  9:40  Pylon  
  104  10:00  Stalker x7  
  104  10:02  Protoss Ground Weapons Level 3 (Chrono Boost)  
  104  10:03  Observer  
  104  10:06  Templar Archives  
  119  10:15  Probe x4  
  119  10:20  Sentry  
  125  10:24  Gateway  
  125  10:27  Gateway  
  125  10:28  Zealot x3  
  129  10:30  Zealot  
  133  10:38  Probe x4  
  137  10:49  High Templar x2  
  141  10:56  High Templar x4  
  143  10:57  Zealot x2  
  143  11:02  Archon x3  
  143  11:09  Gateway  
  143  11:10  Probe  
  143  11:11  Assimilator x2, Probe x3  
  147  11:12  Gateway  
  147  11:19  Photon Cannon  
  147  11:25  Photon Cannon, Shield Battery  
  147  11:27  Pylon  
  147  11:28  High Templar  
  147  11:29  High Templar x3, Zealot x2  
  147  11:30  Zealot x4  
  167  11:34  Archon x2  
  167  11:40  Pylon  
  167  11:43  Robotics Bay  
  167  11:44  Robotics Facility  
  167  11:46  Zealot x3  
  172  11:57  Zealot x4  
  172  11:59  Observer  
  170  12:02  Zealot  
  170  12:06  Zealot x5  
  178  12:14  Probe x4  
  170  12:31  Stalker x4  
  170  12:32  Stalker x6  
  170  12:33  Observer  
  170  12:34  Protoss Ground Armor Level 1 (Chrono Boost)  
  185  12:38  Probe x4  
  183  12:58  Zealot x7  
  169  12:59  Zealot  
  138  13:15  High Templar  
  138  13:16  High Templar  
  136  13:25  Zealot x7  
  136  13:26  Archon, Zealot  
  138  13:31  Disruptor (Chrono Boost)  
  138  13:32  Disruptor (Chrono Boost)  
  140  13:45  Photon Cannon  
  140  13:47  High Templar x6  
  152  13:48  Zealot  
  152  13:49  Zealot  
  152  13:53  Archon x2  
  152  13:54  Archon  
  156  13:57  Disruptor (Chrono Boost)  
  156  13:58  Disruptor (Chrono Boost)  
  154  14:21  Nexus  
  154  14:22  Disruptor (Chrono Boost)  
  154  14:24  Disruptor (Chrono Boost)  
  154  14:26  High Templar x2, Zealot x2  
  154  14:27  Zealot x2  
  172  14:32  Archon  
  172  14:33  Zealot x3  
  178  14:48  Disruptor (Chrono Boost)  
  178  14:51  Observer (Chrono Boost)  
  182  15:01  Zealot x6  
  182  15:02  Zealot  
  182  15:03  Nexus  
  182  15:04  Observer  
  192  15:12  Zealot x3  
  127  15:28  Zealot x7  
  137  15:33  Probe x2  
  137  15:34  Probe x2  
  137  15:45  Probe  
  112  15:57  Zealot x8  
  112  15:58  Zealot  
  109  16:19  Zealot x9  
Show
View Real Time Build Order
Export as new Build Order

ShoWTimE Protoss 

Build Orders: Phoenix Opening 

Get SALT Encoding   

  12  0:00  Probe  
  13  0:12  Probe  
  14  0:17  Pylon  
  14  0:24  Probe (Chrono Boost)  
  15  0:36  Gateway, Probe (Chrono Boost)  
  16  0:44  Probe (Chrono Boost)  
  16  0:45  Assimilator  
  17  0:51  Probe  
  17  0:55  Assimilator  
  18  1:03  Probe (Chrono Boost)  
  19  1:10  Gateway  
  19  1:13  Probe (Chrono Boost)  
  19  1:18  Probe (Chrono Boost)  
  20  1:24  Cybernetics Core  
  21  1:29  Probe  
  22  1:35  Pylon  
  22  1:42  Probe  
  23  1:54  Probe  
  24  1:59  Warp Gate (Chrono Boost)  
  18  2:01  Stalker x2  
  24  2:06  Probe  
  29  2:13  Pylon  
  29  2:31  Sentry  
  29  2:32  Sentry  
  33  2:44  Nexus  
  33  2:49  Probe  
  34  2:54  Shield Battery  
  34  3:00  Sentry  
  34  3:02  Probe  
  34  3:05  Phoenix  
  37  3:10  Pylon  
  37  3:14  Probe (Chrono Boost)  
  38  3:21  Twilight Council  
  38  3:26  Probe (Chrono Boost)  
  39  3:35  Probe (Chrono Boost)  
  39  3:40  Probe  
  39  3:41  Forge  
  40  3:44  Stalker  
  43  3:49  Phoenix  
  44  3:55  Probe (Chrono Boost)  
  44  3:58  Probe (Chrono Boost)  
  45  4:08  Probe (Chrono Boost)  
  45  4:09  Blink, Probe (Chrono Boost)  
  47  4:13  Probe (Chrono Boost)  
  47  4:14  Protoss Ground Weapons Level 1 (Chrono Boost)  
  49  4:19  Probe (Chrono Boost)  
  49  4:24  Assimilator  
  49  4:25  Probe (Chrono Boost)  
  49  4:28  Robotics Facility  
  51  4:33  Probe x2 (Chrono Boost)  
  52  4:41  Pylon  
  52  4:42  Stalker  
  52  4:45  Stalker  
  56  4:49  Probe x2  
  58  4:54  Pylon  
  58  4:58  Gateway  
  58  5:12  Probe x2  
  60  5:16  Observer (Chrono Boost)  
  61  5:23  Nexus  
  61  5:25  Stalker  
  61  5:27  Probe  
  64  5:34  Probe  
  65  5:44  Observer  
  65  5:48  Phoenix  
  66  5:51  Gateway, Probe x2  
  68  5:58  Pylon  
  68  5:59  Stalker x3  
  68  6:03  Probe  
  75  6:04  Probe  
  75  6:06  Protoss Ground Weapons Level 2 (Chrono Boost)  
  76  6:15  Probe  
  76  6:16  Immortal  
  76  6:17  Pylon  
  76  6:18  Probe  
  82  6:28  Stalker  
  82  6:29  Stalker  
  86  6:35  Probe  
  86  6:38  Stalker  
  90  6:46  Shield Battery, Phoenix  
  89  6:52  Stalker, Shield Battery  
  91  6:55  Stalker  
  91  7:01  Probe x3  
  95  7:02  Immortal (Chrono Boost)  
  95  7:03  Pylon  
  100  7:11  Assimilator  
  100  7:13  Probe x3  
  100  7:15  Assimilator  
  103  7:19  Gateway x2, Phoenix  
  103  7:23  Pylon  
  103  7:25  Probe x3  
  103  7:27  Pylon  
  103  7:29  Stalker  
  108  7:32  Stalker  
  108  7:33  Stalker  
  112  7:38  Warp Prism (Chrono Boost)  
  114  7:45  Charge (Chrono Boost)  
  114  7:52  Zealot  
  114  7:54  Stalker  
  114  7:56  Probe x3  
  121  7:58  Assimilator, Zealot x2  
  125  8:05  Phoenix  
  125  8:11  Pylon  
  125  8:13  Pylon x2  
  125  8:15  Zealot x3  
  131  8:21  Zealot  
  131  8:25  Pylon  
  131  8:26  Pylon  
  133  8:29  Nexus  
  133  8:33  Protoss Ground Weapons Level 3 (Chrono Boost)  
  133  8:35  Pylon  
  133  8:44  Stalker x2  
  133  8:46  Stalker  
  125  8:55  Phoenix  
  125  8:59  Warp Prism (Chrono Boost)  
  125  9:01  Stalker x3  
  121  9:09  Stalker x3  
  129  9:19  Pylon  
  129  9:24  Stalker x3  
  131  9:30  Probe x3  
  138  9:37  Zealot x2  
  142  9:42  Probe x3  
  127  9:47  Zealot x4  
  117  9:54  Probe x2  
  107  10:00  Immortal (Chrono Boost)  
  107  10:01  Stalker x2  
  115  10:07  Stalker x2  
  115  10:08  Stalker  
  118  10:15  Stalker, Dark Shrine  
  120  10:26  Stalker  
  120  10:27  Stalker  
  124  10:33  Stalker x2, Robotics Bay  
  124  10:34  Stalker  
  128  10:39  Robotics Facility  
  128  10:43  Shield Battery  
  128  10:45  Photon Cannon  
  128  10:48  Observer  
  127  10:53  Stalker x3  
  130  10:59  Photon Cannon  
  130  11:01  Zealot x3  
  137  11:04  Probe  
  137  11:07  Gateway, Probe x3  
  137  11:09  Gateway  
  140  11:15  Protoss Shields Level 1 (Chrono Boost)  
  140  11:16  Probe  
  141  11:20  Disruptor (Chrono Boost)  
  141  11:21  Photon Cannon  
  141  11:24  Disruptor (Chrono Boost)  
  144  11:30  Dark Templar x4  
  154  11:42  Gateway, Pylon, Dark Templar  
  154  11:43  Pylon, Dark Templar  
  154  11:44  Gateway  
  158  11:47  Disruptor (Chrono Boost)  
  158  11:51  Archon  
  161  11:54  Disruptor (Chrono Boost)  
  162  12:05  Stalker x6  
  168  12:15  Dark Templar x2  
  168  12:29  Zealot x6  
  180  12:31  Disruptor  
  180  12:35  Assimilator  
  183  12:39  Assimilator  
  183  12:45  Gateway  
  183  12:47  Gateway  
  183  12:50  Stalker x7  
  167  13:12  Zealot  
  159  13:13  Zealot x4  
  159  13:16  Stalker x3  
  159  13:18  Disruptor  
  164  13:25  Disruptor  
  156  13:28  Assimilator  
  152  13:36  Probe  
  152  13:38  Archon  
  152  13:40  Nexus  
  153  13:42  Photon Cannon x2, Pylon  
  153  13:45  Photon Cannon x3  
  153  13:51  Dark Templar x2  
  153  13:53  Photon Cannon  
  153  13:55  Archon  
  157  13:56  Stalker  
  157  13:57  Stalker x2  
  161  14:10  Stalker x5  
  171  14:19  Photon Cannon  
  171  14:20  Dark Templar  
  171  14:21  Photon Cannon  
  173  14:24  Pylon  
  173  14:27  Dark Templar x2  
  173  14:30  Observer (Chrono Boost)  
  178  14:36  Zealot x3  
  184  14:43  Observer  
  179  14:48  Gravitic Boosters (Chrono Boost), Zealot x2  
  183  15:01  Zealot x6  
  185  15:11  Dark Templar x2  
  155  15:19  Disruptor (Chrono Boost)  
  121  15:22  Zealot x3  
  121  15:23  Zealot x3  
  93  15:43  Stalker x4  
  93  15:44  Stalker x3  
  93  15:50  Stalker  
  78  16:08  Dark Templar x5  
  78  16:10  Stalker x2  
  82  16:12  Probe  
  82  16:15  Stalker  
Tags
 
Add a new tag
Caveats
  • Supply blocks, unpowered buildings, or Contaminate may cause inaccurate times.
  • Supply counts are checked every 10 seconds.